 Dungeon Sprint DCSS version 0.17.1-1-g73c8601 (webtiles) character file.

4839 Ponchio the Protected (level 10, -3/73 HPs)
             Began as a Gargoyle Fighter on Dec 25, 2015.
             Was an Elder of Qazlal.
             Slain by a trapdoor spider (7 damage)
             ... in the Dungeon (Sprint I: "Red Sonja").
             The game lasted 00:12:05 (1829 turns).

Ponchio the Protected (Gargoyle Fighter)            Turns: 1829, Time: 00:12:05

Health: -3/73      AC:  8    Str: 20    XL:     10   Next: 49%
Magic:  10/10      EV: 10    Int:  9    God:    Qazlal [****..]
Gold:   470        SH: 18    Dex: 17    Spells: 0 memorised, 9 levels left

rFire  x . .     SeeInvis .     m - +3 morningstar of Putrescence {pain, +Fly rPois rF- Dex+5}
rCold  . . .     Clarity  .     b - +0 scale mail
rNeg   + . .     SustAt   .     c - +0 shield
rPois  ∞         Gourm    .     (no helmet)
rElec  +         Spirit   .     (no cloak)
rCorr  .         Warding  .     (no gloves)
rMut   .         NoTele   +     (no boots)
MR     .....                    (no amulet)
Stlth  ..........               (no ring)
                                (no ring)

@: corroded equipment, repel missiles, not resistant to hostile enchantments,
extremely unstealthy
A: negative energy resistance 1, electricity resistance, unbreathing,
petrification resistance, rot immunity, AC +7
a: Upheaval, Elemental Force, Renounce Religion, Evoke Flight


You were in the Dungeon.
You worshipped Qazlal.
Qazlal was greatly pleased with you.
You were not hungry.

You visited 1 branch You collected 713 gold pieces.
You spent 243 gold pieces at shops.

Inventory:

Hand Weapons
 a - a +0 flail
 m - the +3 morningstar of Putrescence (weapon) {pain, +Fly rPois rF- Dex+5}
   (You bought it in a shop in the Dungeon)

   In the hands of one skilled in necromantic magic, it inflicts extra damage on
   living creatures.
   It affects your dexterity (+5).
   It makes you vulnerable to fire.
   It protects you from poison.
   It lets you fly.
Missiles
 e - 32 stones (quivered)
Armour
 b - a +0 scale mail (worn)
 c - a +0 shield (worn)
Scrolls
 k - a scroll of blinking
 l - a scroll of magic mapping {unknown}
Potions
 d - a potion of might
 i - 2 potions of magic
Books
 j - a book of Callings

   Spells                             Type                      Level
   a - Summon Small Mammal            Summoning                    1
   b - Call Imp                       Summoning                    2
   c - Call Canine Familiar           Summoning                    3
   d - Summon Guardian Golem          Hexes/Summoning              3
   e - Summon Lightning Spire         Summoning/Air                4
   f - Summon Ice Beast               Ice/Summoning                4
Comestibles
 f - a beef jerky
 g - a bread ration
 h - 2 chunks of flesh


   Skills:
 + Level 13.4 Fighting
 + Level 12.1 Maces & Flails
 + Level 13.6 Armour
 - Level 0.7 Dodging
 + Level 13.5 Shields


You had 9 spell levels left.
You didn't know any spells.

Dungeon Overview and Level Annotations

Branches:
Dungeon (1/1)

Altars:
Cheibriados
Dithmenos
Elyvilon
Fedhas
Gozag
Kikubaaqudgha
Makhleb
Nemelex Xobeh
Okawaru
Qazlal
Ru
Sif Muna
Trog
Vehumet
Xom
Yredelemnul
Zin
The Shining One
Jiyva

Shops:
D }(

Annotations:
D exclusion: oklob plant


Innate Abilities, Weirdness & Mutations

You are resistant to torment.
Your stone body is resilient (AC +7).
You are immune to poison.
You resist negative energy.
You are resistant to electric shocks.
You can survive without breathing.
You are immune to petrification.
You are immune to rotting.


Message History

You block the trapdoor spider's attack.
You are too injured to fight recklessly!
You are too injured to fight recklessly!
You are too injured to fight recklessly!
You impale the trapdoor spider!!
The trapdoor spider is heavily wounded.
The trapdoor spider bites you!
* * * LOW HITPOINT WARNING * * *
You hit the trapdoor spider but do no damage.
The trapdoor spider is heavily wounded.
The trapdoor spider bites you!
* * * LOW HITPOINT WARNING * * *
The trapdoor spider completely misses you.
You closely miss the trapdoor spider.
The trapdoor spider is heavily wounded.
You block the trapdoor spider's attack.
You puncture the trapdoor spider!
The trapdoor spider is almost dead.
The trapdoor spider bites you!
You die...

######################
..)..#..'..#__#..[...#
).#..'[.#..'..'..#...##+#
####'#####'#__####...'..#
###..#...#)####§.#####..+
__####..##)#≈§§§§#$$# +##
_..__##'#..§≈≈§§§s..#
_.∩...'..._#≈§§.@#..#
_..._##_(#'##'#####s#
_____###(#.#))..# #P'$#
########.####'### ###.#
......'...'.(...+ .#
+++####...####### # ##.##
#+#


You could see a trapdoor spider.

Vanquished Creatures
  2 centaur warriors (D)
  Sonja (D)
  A deep troll (D)
  2 kobold demonologists (D)
  4 demonic crawlers (D)
  A slime creature (D)
  A trapdoor spider (D)
  Sigmund (D)
  A yak (D)
  An ogre (D)
  A wasp (D)
  A jelly (D)
  Ijyb (D)
  A giant eyeball (D)
19 creatures vanquished.

Notes
Turn   | Place    | Note
--------------------------------------------------------------
     0 | D        | Ponchio the Gargoyle Fighter began the quest for the Orb.
     0 | D        | Reached XP level 1. HP: 14/14 MP: 1/1
     1 | D        | Noticed Ijyb
    14 | D        | Killed Ijyb
    14 | D        | Reached skill level 4 in Fighting
    14 | D        | Reached skill level 5 in Armour
    14 | D        | Reached XP level 2. HP: 13/20 MP: 2/2
    14 | D        | Reached XP level 3. HP: 15/24 MP: 3/3
   119 | D        | Noticed an ogre
   123 | D        | Killed an ogre
   123 | D        | Reached skill level 6 in Fighting
   123 | D        | Reached XP level 4. HP: 28/32 MP: 4/4
   169 | D        | Noticed Sigmund
   185 | D        | Killed Sigmund
   185 | D        | Reached skill level 7 in Fighting
   185 | D        | Reached skill level 5 in Maces & Flails
   185 | D        | Reached XP level 5. HP: 27/38 MP: 5/5
   185 | D        | Reached XP level 6. HP: 31/44 MP: 6/6
   291 | D        | Found a deep blue altar of Sif Muna.
   292 | D        | Noticed a jelly
   293 | D        | Found a radiant altar of Vehumet.
   296 | D        | Killed a jelly
   296 | D        | Reached skill level 8 in Armour
   330 | D        | Found Zauguir's Antique Weapon Emporium.
   330 | D        | Found a white marble altar of Elyvilon.
   330 | D        | Found a stormy altar of Qazlal.
   330 | D        | Found a burning altar of Makhleb.
   330 | D        | Found a sacrificial altar of Ru.
   330 | D        | Found a basalt altar of Yredelemnul.
   330 | D        | Found a glowing golden altar of the Shining One.
   330 | D        | Found a sparkling altar of Nemelex Xobeh.
   330 | D        | Found a shimmering altar of Xom.
   330 | D        | Found an opulent altar of Gozag.
   330 | D        | Found an ancient bone altar of Kikubaaqudgha.
   330 | D        | Found a glowing silver altar of Zin.
   330 | D        | Noticed a yak
   340 | D        | Killed a yak
   341 | D        | Found an iron altar of Okawaru.
   344 | D        | Found a bloodstained altar of Trog.
   348 | D        | Bought a faintly glowing morningstar for 243 gold pieces
   348 | D        | Identified the +3 morningstar of Putrescence {pain, +Fly rPois rF- Dex+5} (You bought it in a shop in the Dungeon)
   352 | D        | Became a worshipper of Qazlal Stormbringer
   365 | D        | Found a snail-covered altar of Cheibriados.
   365 | D        | Found a viscous altar of Jiyva.
   365 | D        | Found a shadowy altar of Dithmenos.
   365 | D        | Found a blossoming altar of Fedhas.
   365 | D        | Noticed a slime creature
   373 | D        | Killed a slime creature
   373 | D        | Reached skill level 9 in Fighting
   373 | D        | Reached XP level 7. HP: 26/51 MP: 7/7
   533 | D        | Noticed a kobold demonologist
   533 | D        | Paralysed by a giant eyeball for 3 turns
   534 | D        | Noticed a kobold demonologist
   540 | D        | Killed a kobold demonologist
   540 | D        | Reached skill level 10 in Fighting
   540 | D        | Reached skill level 10 in Armour
   540 | D        | Reached skill level 10 in Shields
   540 | D        | Reached XP level 8. HP: 55/57 MP: 8/8
   545 | D        | Killed a kobold demonologist
   545 | D        | Reached * piety under Qazlal
   550 | D        | Paralysed by a giant eyeball for 3 turns
   661 | D        | Noticed a demonic crawler
   661 | D        | Noticed a demonic crawler
   661 | D        | Noticed a demonic crawler
   661 | D        | Noticed a demonic crawler
   678 | D        | Killed a demonic crawler
   678 | D        | Reached skill level 11 in Armour
   685 | D        | Killed a demonic crawler
   685 | D        | Reached ** piety under Qazlal
   685 | D        | Reached XP level 9. HP: 39/64 MP: 9/9
   691 | D        | Killed a demonic crawler
   691 | D        | Reached skill level 10 in Maces & Flails
   694 | D        | Killed a demonic crawler
   968 | D        | Noticed Sonja
   988 | D        | HP: 2/65 [Sonja/uncursed dagger of distortion (4)]
   989 | D        | Killed Sonja
   989 | D        | Reached *** piety under Qazlal
   989 | D        | Reached skill level 12 in Fighting
  1353 | D        | Found Durrid Gerr's Gadget Boutique.
  1373 | D        | Noticed a deep troll
  1392 | D        | Killed a deep troll
  1392 | D        | Reached XP level 10. HP: 29/72 MP: 10/10
  1610 | D        | Noticed a centaur warrior
  1611 | D        | Noticed a centaur warrior
  1623 | D        | Killed a centaur warrior
  1623 | D        | Reached skill level 13 in Fighting
  1641 | D        | Killed a centaur warrior
  1649 | D        | Noticed a wasp
  1652 | D        | Killed a wasp
  1795 | D        | Noticed an oklob plant
  1797 | D        | Noticed a trapdoor spider
  1799 | D        | Noticed a trapdoor spider
  1816 | D        | Killed a trapdoor spider
  1816 | D        | Reached **** piety under Qazlal
  1829 | D        | Slain by a trapdoor spider

Action                   |  1- 3 |  4- 6 |  7- 9 | 10-12 || total
-------------------------+-------+-------+-------+-------++-------
Melee: Flail             |    15 |    24 |       |       ||    39
       Morningstar       |       |     8 |    72 |    35 ||   115
  Use: Potion            |       |       |     4 |       ||     4
  Eat: Bread ration      |       |       |     1 |       ||     1
